 Dungeon Crawl Stone Soup version 0.29-a0-925-g0a7a3d12f8 (webtiles) character file.

Game seed: 17228087407086507588

530 inmateoo the Chopper (level 7, 0/61 HPs)
             Began as a Minotaur Fighter on July 28, 2022.
             Was an Initiate of Gozag.
             Slain by a troll (3 damage)
             ... on level 5 of the Dungeon.
             The game lasted 00:02:49 (4404 turns).

inmateoo the Chopper (Minotaur Fighter)             Turns: 4404, Time: 00:02:49

Health: 0/61       AC: 14    Str: 22    XL:     7   Next: 3%
Magic:  6/6        EV:  7    Int:  5    God:    Gozag
Gold:   251        SH:  5    Dex: 10    Spells: 6/6 levels left

rFire   . . .      SeeInvis .   a - +1 war axe
rCold   . . .      Faith    .   c - +0 buckler
rNeg    . . .      Spirit   .   i - +0 plate armour
rPois   .          Reflect  .   (helmet restricted)
rElec   .          Harm     .   (no cloak)
rCorr   .          Rampage  .   (no gloves)
Will    .....                   m - +1 pair of boots
Stlth   ..........              (no amulet)
HPRegen 0.20/turn               (no ring)
MPRegen 0.10/turn               (no ring)

@: mighty
A: horns 2, retaliatory headbutt
a: Renounce Religion, Potion Petition, Call Merchant, Bribe Branch


You were on level 5 of the Dungeon.
You worshipped Gozag.
Gozag was aware of your devotion.
You visited 2 branches of the dungeon, and saw 6 of its levels.

You collected 280 gold pieces.
You paid 29 gold pieces to Gozag.

Inventory:

Hand Weapons
 a - a +1 war axe (weapon)
 j - a +0 hand axe of flaming
Armour
 c - a +0 buckler (worn)
 i - a +0 plate armour (worn)
 m - a +1 pair of boots (worn)
Scrolls
 e - 2 scrolls of identify
 l - 3 scrolls of teleportation
 o - a scroll of vulnerability {unknown}
 p - a scroll of magic mapping {unknown}
 r - a scroll of enchant armour
Potions
 b - 2 potions of brilliance {unknown}
 f - 6 potions of curing
 g - a potion of resistance {unknown}
 h - 2 potions of ambrosia {unknown}
 k - 2 potions of haste {unknown}
 n - 2 potions of flight {unknown}
 q - a potion of cancellation {unknown}


   Skills:
 + Level 5.0 Fighting
 * Level 5.7 Axes
 + Level 5.2 Armour
 + Level 2.9 Dodging
 + Level 5.1 Shields


You had 6 spell levels left.
You didn't know any spells.
Your spell library contained the following spells:

 Spells                   Type           Power      Damage    Failure   Level
 Necrotise                Necr           0%         1d4       100%        1
 Dazzling Flash           Conj/Hex       0%         N/A       100%        3
 Vampiric Draining        Necr           0%         2d6       100%        3
 Iskenderun's Mystic Bla  Conj/Tloc      0%         2d3       100%        4
 Agony                    Necr           0%         N/A       100%        5
 Starburst                Conj/Fire      0%         6d3       100%        6


Dungeon Overview and Level Annotations

Branches:
Dungeon (5/15)             Temple (1/1) D:4

Altars:
Ashenzari
Cheibriados
Dithmenos
Elyvilon
Gozag
Hepliaklqana
Makhleb
Nemelex Xobeh
Qazlal
Sif Muna
Vehumet
Wu Jian
Xom
Zin
The Shining One


Innate Abilities, Weirdness & Mutations

You have a pair of horns on your head.
You reflexively headbutt those who attack you in melee.


Message History

You slash the white imp!
You kill the white imp!
No target in view!
No target in view!
You now have 251 gold pieces (gained 6).
Found a scale mail.
No target in view!
A troll comes into view.
The troll shouts!
A troll is nearby!
A troll is nearby!
The troll bites you but does no damage. The troll claws you!
The troll claws you but does no damage.
Okay, then.
You feel very mighty all of a sudden. The troll closely misses you.
You furiously retaliate!
You headbutt the troll! The troll claws you but does no damage.
The troll claws you.
You slash the troll! Your headbutt misses the troll.
The troll is severely wounded.
You block the troll's attack.
The troll claws you but does no damage. x2
You are too injured to fight recklessly!
You completely miss the troll.
The troll is severely wounded.
The troll bites you. You block the troll's attack.
The troll closely misses you. The troll bites you!
* * * LOW HITPOINT WARNING * * *
The troll claws you!
* * * LOW HITPOINT WARNING * * *
The troll claws you.
* * * LOW HITPOINT WARNING * * *
You are too injured to fight recklessly!
You closely miss the troll.
The troll is severely wounded.
The troll bites you but does no damage. You block the troll's attack.
The troll barely misses you.
You closely miss the troll. Your headbutt misses the troll.
The troll is severely wounded.
The troll bites you but does no damage. The troll claws you.
You die...
Your body crumbles into a pile of gold.

###.## # ##...#.## .....#
##..)....# .^##.## . ##
##.........# ...#..# ...
##.##.........##
...##.##...#
##[..#.###.##.##
.###.....###.#..#.....###
##
##...#####......#...###
...### .......#...# .###
.......@.### ##
......T..# .........#
.......### $ ....... ...
##..... .... ##..## .....
..# .....


You could see a troll.

Vanquished Creatures
  A water moccasin (D:5)
  A scorpion (D:5)
  2 hounds (D:5)
  A jelly (D:5)
  Natasha (D:2)
  An iguana (D:5)
  7 adders
  4 gnolls
  A white imp (D:5)
  An ufetubus (D:4)
  5 worms
  2 dart slugs
  6 orcs
  10 bats
  10 endoplasms
  2 giant cockroaches
  2 goblins
  6 hobgoblins
  9 jackals
  3 quokkas
  4 ball pythons
  5 frilled lizards
  6 kobolds
  7 rats
97 creatures vanquished.

Notes
Turn   | Place    | Note
-------+----------+-------------------------------------------
     0 | D:1      | inmateoo the Minotaur Fighter began the quest for the Orb.
     0 | D:1      | Reached XP level 1. HP: 19/19 MP: 0/0
   418 | D:1      | Reached XP level 2. HP: 26/27 MP: 1/1
   659 | D:1      | Reached XP level 3. HP: 27/33 MP: 2/2
   682 | D:1      | Reached skill level 1 in Dodging
  1001 | D:2      | Found a broken altar of Ashenzari.
  1046 | D:2      | Reached XP level 4. HP: 31/40 MP: 3/3
  1381 | D:2      | You fall into a shaft and drop 2 floors!
  1576 | D:3      | Found an ornate altar of the Wu Jian Council.
  1842 | D:3      | Found a burning altar of Makhleb.
  2195 | D:4      | Reached XP level 5. HP: 44/46 MP: 4/4
  2475 | D:4      | Found a staircase to the Ecumenical Temple.
  2618 | Temple   | Entered the Ecumenical Temple
  2978 | Temple   | Became a worshipper of Gozag Ym Sagoz the Greedy
  3277 | D:2      | Noticed Natasha
  3290 | D:2      | Killed Natasha
  3548 | D:5      | Entered Level 5 of the Dungeon
  3605 | D:5      | Reached XP level 6. HP: 43/53 MP: 5/5
  3687 | D:5      | Found a broken altar of Ashenzari.
  3723 | D:5      | Reached skill level 5 in Axes
  4292 | D:5      | Reached skill level 5 in Armour
  4316 | D:5      | Noticed a water moccasin
  4330 | D:5      | Killed a water moccasin
  4331 | D:5      | Reached skill level 5 in Fighting
  4331 | D:5      | Reached skill level 5 in Shields
  4331 | D:5      | Reached XP level 7. HP: 36/61 MP: 6/6
  4396 | D:5      | Noticed a troll
  4402 | D:5      | HP: 3/61 [troll (1)]
  4404 | D:5      | Slain by a troll

Illustrated notes

Levels and vault maps discovered:
D:1:      wander_arrival_lonely_grave, layout_loops_corners
D:2:      layout_rooms, basic_altar, minmay_misc_feat_ornament, st_stairs_12,
          nrook_loot_triangle, grunt_ministairs_3, moated_statue, uniq_natasha
D:3:      layout_basic, mainiacjoe_overflow_brackets, mainiacjoe_overflow_paths
D:4:      layout_rooms, minmay_temple_entry_nine_rooms, hangedman_decor_opposing
D:5:      minmay_skewed_foursquare, layout_cave_pools, ashenzari_altar_1,
          lemuel_coloured_pillars_altar, chequers_mini_garden
Temple:   minmay_temple_forest_path

Skill      XL: |  1  2  3  4  5  6 |
---------------+-------------------+-----
Axes           | 3 4 5 |  5.7
Shields        | 4 5 |  5.1
Dodging        | 1 2 |  2.9
Armour         | 4 5 |  5.2
Fighting       | 4 5 |  5.0

Action                   |  1- 3 |  4- 6 |  7- 9 || total
-------------------------+-------+-------+-------++-------
Melee: War axe           |    71 |   162 |    10 ||   243
       Headbutt          |     8 |    16 |     2 ||    26
  Use: Scroll            |     4 |     4 |       ||     8
       Potion            |       |       |     1 ||     1
Armor: Scale mail        |     4 |       |       ||     4
       Plate armour      |    74 |   104 |    12 ||   190
Dodge: Dodged            |    30 |    49 |     3 ||    82
Block: Buckler           |    24 |    45 |     4 ||    73

Table legend: (Time is in decaauts)
 A = Elapsed time spent in this place.
 B = Non-inter-level travel time spent in this place.
 C = Inter-level travel time spent in this place.
 D = Time resting spent in this place.
 E = Time spent auto-exploring this place.
 F = Levels seen in this place.
 G = Mean time per level.
                   A        B        C        D        E       F      G
               +--------+--------+--------+--------+--------+-----+--------+
         Total |   4500 |   4178 |    322 |    889 |   2607 |   6 |  750.0 |
       Dungeon |   4093 |   3860 |    233 |    889 |   2300 |   5 |  818.6 |
        Temple |    407 |    319 |     88 |      0 |    307 |   1 |  407.0 |
               +--------+--------+--------+--------+--------+-----+--------+

Top non-repeatable levels by time:
     D:1: 1001 daAuts
     D:5: 874 daAuts
     D:2: 828 daAuts
     D:3: 810 daAuts
     D:4: 577 daAuts
  Temple: 407 daAuts
